 Dungeon Crawl Stone Soup version 0.31.0-11-ge490571c62 (webtiles) character file.

Game seed: 12223521687612507433

13145 tilp the Severer (level 11, -9/151 HPs)
             Began as a Minotaur Berserker on Feb 9, 2024.
             Was a High Priest of Trog.
             Engulfed by an ice statue's freezing vapour (13 damage)
             ... in an ice cave.
             The game lasted 00:16:25 (10921 turns).

tilp the Severer (Minotaur Berserker)              Turns: 10921, Time: 00:16:26

Health: -9/151     AC: 16    Str: 25    XL:     11   Next: 71%
Magic:  10/10      EV:  9    Int:  4    God:    Trog [*****.]
Gold:   793        SH:  7    Dex: 11    Spells: 10/10 levels left

rFire   . . .        a - +0 war axe
rCold   . . .        B - +0 kite shield
rNeg    + . .        h - +1 chain mail
rPois   .            (helmet restricted)
rElec   .            l - +2 cloak
rCorr   .            y - +1 pair of gloves
SInv    .            (no boots)
Will    +....        (no amulet) Stlth
                     u - ring of positive energy
HPRegen 0.45/turn    F - ring of willpower
MPRegen 0.12/turn

%: no passive effects
@: berserking, studying Axes, very quick
A: horns 2, retaliatory headbutt
a: Renounce Religion, Berserk, Trog's Hand, Brothers in Arms


You were in an ice cave.
You worshipped Trog.
Trog was extremely pleased with you.
You visited 1 branch of the dungeon, and saw 11 of its levels.
You also visited: Sewer, Ossuary and Ice Cave.

You collected 793 gold pieces.

Inventory:

Hand Weapons
 a - a +0 war axe (weapon)
 b - a +1 hand axe
 C - a +3 hand axe of freezing
Missiles
 n - 24 poisoned darts
 o - 8 boomerangs (quivered)
 A - a curare-tipped dart
 J - 2 javelins
Armour
 h - a +1 chain mail (worn)
 l - a +2 cloak (worn)
 q - a +0 plate armour
 y - a +1 pair of gloves (worn)
 B - a +0 kite shield (worn)
Jewellery
 u - a ring of positive energy (left hand)
 F - a ring of willpower (right hand)
Wands
 p - a wand of polymorph (26)
 s - a wand of iceblast (24)
 t - a wand of flame (8)
 D - a wand of quicksilver (3)
Scrolls
 g - 2 scrolls of enchant weapon
 i - 4 scrolls of fog
 r - a scroll of identify
 w - 2 scrolls of fear
 x - 3 scrolls of teleportation
 z - a scroll of torment
 E - a scroll of blinking
 K - a scroll of immolation
Potions
 c - 5 potions of heal wounds
 d - 2 potions of haste
 e - 5 potions of berserk rage
 f - 3 potions of attraction
 j - 4 potions of might
 k - 4 potions of curing
 m - 3 potions of enlightenment
 v - 2 potions of mutation
 G - a potion of lignification
 H - a potion of magic


   Skills:
 + Level 10.6 Fighting
 - Level 16.0 Axes
 + Level 5.1 Throwing
 + Level 5.4 Armour
 + Level 6.9 Dodging
 - Level 2.0 Stealth
 - Level 2.0 Shields
 * Level 5.8 Evocations


You had 10 spell levels left.
You didn't know any spells.
Your spell library was empty.

Dungeon Overview and Level Annotations

Branches:
Dungeon (11/15)            Temple (0/1) D:6            Lair (0/5) D:11
  Sewer (visited)         Ossuary (visited)           IceCv (1/1)
    Orc: D:9-12

Altars:
Gozag
Okawaru
Ru
Yredelemnul

Shops:
D:3 [   D:6 *

Annotations:
D:9 3 runed translucent doors IceCv exclusion: 3 ice statues


Innate Abilities, Weirdness & Mutations

You have a pair of horns on your head.
You reflexively headbutt those who attack you in melee.


Message History

You slash the ice statue!
You headbutt the ice statue, but do no damage.
The ice statue is moderately damaged.
You barely miss the ice beast. You slash the ice beast!
You kill the ice beast!
The ice beast disappears in a puff of smoke!
You are engulfed in freezing vapours.
The ice statue gestures at you.
The freezing blast engulfs you but does no damage.
The ice statue gestures.
You block the ice beast's attack.
You slice the ice statue!!
The ice statue is severely damaged.
You hit the ice beast.
You are engulfed in freezing vapours.
* * * LOW HITPOINT WARNING * * *
Unknown command.
You hit the ice statue.
The ice statue is severely damaged.
You slash the ice beast!
You are engulfed in freezing vapours.
* * * LOW HITPOINT WARNING * * *
The ice statue gestures.
The ice beast hits you but does no damage.
Unknown command.
You slash the ice statue!
The ice statue is almost destroyed.
You hit the ice beast but do no damage. x2
You are engulfed in freezing vapours.
* * * LOW HITPOINT WARNING * * *
The ice statue gestures at you.
The bolt of cold hits the ice beast.
The ice beast completely resists.
The bolt of cold hits the ice beast.
The ice beast completely resists.
The bolt of cold hits you!!
* * * LOW HITPOINT WARNING * * *
The ice statue gestures.
You hit the ice statue but do no damage.
You headbutt the ice statue.
The ice statue is almost destroyed.
You hit the ice beast but do no damage. You slash the ice beast!
You are engulfed in freezing vapours.
You die...

###### #############
.....## ##...))#.....##
......###......#......##
.......#.......#.......#
.∩..∩.............○....8
.......#.......#.☼○....#
......###......#@Y○..Y##
.....## ##..[.)#8YY.8##
###### #############


You could see 3 ice statues and 4 ice beasts.

Vanquished Creatures
  A two-headed ogre (D:9)
  Amaemon (D:10)
  Pikel (D:5)
  A wolf spider zombie (D:7)
  Maurice (D:10)
  A cyclops (D:10)
  An orange demon (D:10)
  A freezing wraith (IceCv)
  2 trolls
  A hellwing (D:7)
  A hornet (D:8)
  Prince Ribbit (D:5)
  Sigmund (D:6)
  A shadow (D:10)
  A vampire (D:11)
  A wraith (D:11)
  A wyvern (D:8)
  3 yaks (D:11)
  Eustachio (D:5)
  3 vampire mosquitoes (D:8)
  A harpy simulacrum (IceCv)
  An acid dragon (D:10)
  A water moccasin (D:7)
  Duvessa (D:5)
  3 black bears
  An orc warrior (D:8)
  2 ice beasts
  A sky beast (D:8)
  An ogre (D:5)
  4 centaurs
  A lemure (D:5)
  A phantom (D:4)
  The ghost of 7tar4e the Trooper, an amateur GrFi of Makhleb (D:3)
  2 kobold brigands (D:6)
  A weeping skull (Ossuary)
  A brain worm (Sewer)
  Blork the orc (D:5)
  5 bullfrogs
  3 gnoll sergeants (D:6)
  6 scorpions
  7 water moccasin zombies (Ossuary)
  A cane toad simulacrum (IceCv)
  14 wights (D:7)
  Dowan (D:5)
  3 elephant simulacra (IceCv)
  5 killer bees (D:9)
  5 electric eels (D:10)
  A howler monkey (D:7)
  3 centaur zombies
  2 gnoll boudas (D:6)
  2 spectral scorpions (Ossuary)
  2 jellies
  Crazy Yiuf (D:3)
  9 hounds
  A bullfrog skeleton (D:3)
  4 orc priests
  3 centaur skeletons
  7 iguanas
  2 orc wizards
  A polar bear simulacrum (IceCv)
  A wolf simulacrum (IceCv)
  3 mummies
  5 adders
  6 gnolls (D:6)
  3 river rats
  4 shadow imps (D:7)
  4 white imps
  2 adder zombies (Ossuary)
  3 dart slugs
  A ribbon worm (D:3)
  6 orcs
  10 bats
  11 endoplasms
  7 giant cockroaches
  8 gnoll zombies (Ossuary)
  8 goblins
  8 hobgoblins
  8 jackals
  20 kobolds
  6 quokkas
  15 ball pythons
  4 frilled lizards
  A hobgoblin zombie (D:6)
  7 jackal zombies (Ossuary)
  A kobold zombie (D:6)
  2 orc zombies (Ossuary)
  9 rats
300 creatures vanquished.

Notes
Turn   | Place    | Note
-------+----------+-------------------------------------------
     0 | D:1      | tilp the Minotaur Berserker began the quest for the Orb.
     0 | D:1      | Reached XP level 1. HP: 19/19 MP: 0/0
   136 | D:1      | Reached XP level 2. HP: 26/27 MP: 1/1
   167 | D:1      | Reached skill level 4 in Axes
   287 | D:1      | Found a faded altar of an unknown god.
   322 | D:1      | Reached ** piety under Trog
   323 | D:1      | Reached XP level 3. HP: 33/33 MP: 2/2
   774 | D:2      | Reached skill level 1 in Stealth
   836 | D:2      | Reached skill level 11 in Axes
   836 | D:2      | Reached XP level 4. HP: 49/49 MP: 3/3
  1438 | D:3      | Found a basalt altar of Yredelemnul.
  1440 | D:3      | Found an iron altar of Okawaru.
  1467 | D:3      | Found Benuck's Antique Armour Shoppe.
  1548 | D:3      | Noticed a scorpion
  1560 | D:3      | Killed a scorpion
  1561 | D:3      | Reached XP level 5. HP: 47/56 MP: 4/4
  1587 | D:3      | Found a glowing drain.
  1597 | Sewer    | Entered a sewer
  1654 | Sewer    | Reached XP level 6. HP: 57/62 MP: 3/5
  1781 | Sewer    | Reached *** piety under Trog
  2303 | D:3      | Found a runed translucent gate.
  2303 | D:3      | Found a runed translucent gate.
  2304 | D:3      | Found a runed translucent gate.
  2305 | D:3      | Noticed 7tar4e's ghost (amateur GrFi)
  2398 | D:3      | Found a sacrificial altar of Ru.
  2564 | D:3      | Found a runed translucent door.
  2565 | D:3      | Noticed Crazy Yiuf
  2574 | D:3      | Killed Crazy Yiuf
  2575 | D:3      | Reached XP level 7. HP: 69/69 MP: 6/6
  2828 | D:3      | Killed 7tar4e's ghost
  3352 | D:4      | You fall into a shaft and drop 2 floors!
  3362 | D:5      | Entered Level 5 of the Dungeon
  3371 | D:6      | Found a staircase to the Ecumenical Temple.
  3382 | D:6      | Reached XP level 8. HP: 67/78 MP: 7/7
  3386 | D:6      | Found Gozag's Platinum Reserve.
  3390 | D:6      | Reached skill level 12 in Axes
  3430 | D:6      | Noticed Sigmund
  3439 | D:6      | Killed Sigmund
  3439 | D:6      | Reached **** piety under Trog
  3455 | D:6      | Found an opulent altar of Gozag.
  3518 | D:6      | Found a sand-covered staircase.
  3525 | Ossuary  | Entered an ossuary
  3609 | Ossuary  | Reached skill level 5 in Dodging
  3674 | Ossuary  | Reached XP level 9. HP: 85/85 MP: 8/8
  3693 | Ossuary  | Reached skill level 13 in Axes
  4034 | D:5      | Noticed Duvessa
  4036 | D:5      | Noticed Dowan
  4041 | D:5      | Killed Duvessa
  4044 | D:5      | Killed Dowan
  4059 | D:5      | Noticed Pikel
  4069 | D:5      | Killed Pikel
  4070 | D:5      | Reached skill level 10 in Fighting
  4070 | D:5      | Reached skill level 1 in Throwing
  4070 | D:5      | Reached skill level 1 in Evocations
  4246 | D:5      | Noticed Eustachio
  4252 | D:5      | Killed Eustachio
  4798 | D:5      | Noticed Blork the orc
  4805 | D:5      | Killed Blork the orc
  5058 | D:5      | Noticed Prince Ribbit
  5074 | D:5      | Killed Prince Ribbit
  5647 | D:6      | Reached XP level 10. HP: 90/93 MP: 9/9
  5782 | D:6      | Reached skill level 14 in Axes
  6108 | D:7      | Reached ***** piety under Trog
  6874 | D:7      | Reached skill level 15 in Axes
  7254 | D:8      | Reached XP level 11. HP: 86/99 MP: 10/10
  7485 | D:8      | Reached skill level 16 in Axes
  8113 | D:9      | Noticed a two-headed ogre
  8120 | D:9      | Killed a two-headed ogre
  8121 | D:9      | Reached skill level 1 in Shields
  8336 | D:9      | Found a runed translucent gate.
  8336 | D:9      | an elephant changed into a mana viper
  8336 | D:9      | Noticed a mana viper (glowing shapeshifter)
  8337 | D:9      | Found a runed translucent gate.
  8337 | D:9      | Noticed a purple ugly thing
  8338 | D:9      | Found a runed translucent gate.
  8338 | D:9      | Noticed a purple ugly thing
  8339 | D:9      | Noticed a green ugly thing
  8340 | D:9      | Noticed a purple ugly thing
  8345 | D:9      | a dream sheep changed into an anaconda
  8345 | D:9      | Noticed an anaconda (glowing shapeshifter)
  8369 | D:9      | Identified the +10 great sword "Xom's Capriciousness"
                  | {pain, rCorr Int+4}
  8840 | D:9      | Noticed a lindwurm
  8841 | D:9      | a lindwurm changed into a shining eye
  8841 | D:9      | Noticed a shining eye (glowing shapeshifter)
  8842 | D:9      | a shining eye changed into a two-headed ogre
  8842 | D:9      | Noticed a two-headed ogre (glowing shapeshifter)
  8844 | D:9      | a two-headed ogre changed into an orb spider
  8844 | D:9      | Noticed an orb spider (glowing shapeshifter)
  8845 | D:9      | an orb spider changed into a death drake
  8845 | D:9      | Noticed a death drake (glowing shapeshifter)
  8846 | D:9      | a death drake changed into a hog
  8847 | D:9      | Identified a scroll of acquirement
  8850 | D:9      | Acquired a manual of Axes
  8874 | D:10     | Entered Level 10 of the Dungeon
  8875 | D:10     | Noticed Maurice
  8889 | D:10     | Something stole a +3 hand axe of freezing
  9255 | D:10     | Noticed Amaemon
  9269 | D:10     | Killed Amaemon
  9541 | D:10     | Reached skill level 5 in Evocations
  9727 | D:10     | Killed Maurice
  9728 | D:10     | Reached skill level 5 in Armour
 10643 | D:11     | Reached skill level 5 in Throwing
 10668 | D:11     | Found a frozen archway.
 10677 | IceCv    | Entered an ice cave
 10920 | IceCv    | HP: 4/151 [ice statue/bolt of cold (24)]
 10921 | IceCv    | Engulfed by an ice statue's freezing vapour

Illustrated notes

Levels and vault maps discovered:
D:1:      lemuel_arrival_funnel, layout_basic,
          dreamdust_ecumenical_altar_hidden_monk_grotto
D:2:      layout_basic
D:3:      layout_rooms, chequers_temple_overflow_statue_of_worship,
          nicolae_ru_great_annihilating_truth, serial_shops,
          nicolae_shop_statue_plus, gammafunk_ghost_necromancy,
          portal_sewer_entry_b, kennysheep_cluttered_room,
          hangedman_decor_clover_reticule, uniq_crazy_yiuf_cottage
D:4:      layout_rooms
D:5:      layout_layer_cave, dk_rats_in_the_wall, uniq_eustachio,
          uniq_blork_the_orc, uniq_duvessa, uniq_pikel, uniq_prince_ribbit1
D:6:      kennysheep_housing_project, layout_rooms,
          nicolae_gozag_zags_fifth_avenue, temple_statues,
          nicolae_ossuary_entry_giza, uniq_sigmund
D:7:      cheibrodos_grave_circle, layout_loops_ring, nicolae_zig_zag_zippers
D:8:      layout_gridville
D:9:      layout_irregular_city, ploomutoo_gammafunk_ghost_potion_laboratory
D:10:     layout_basic, uniq_amaemon, uniq_maurice
D:11:     layout_cave_pods, david_lair_generic, portal_ice_cave_entry_pillars_2,
          gauntlet_entry_generic, uniq_sonja
IceCv:    ice_cave_statue_garden_chambered

Skill      XL: |  1  2  3  4  5  6  7  8  9 10 11 |
---------------+----------------------------------+-----
Axes           | 4 11 12 13 15 16 | 16.0
Fighting       | 8 9 10 | 10.6
Stealth        | 1 2 |  2.0
Armour         | 3 4 5 |  5.4
Dodging        | 3 5 6 |  6.9
Throwing       | 2 4 5 |  5.1
Evocations     | 2 4 5 |  5.8
Shields        | 2 |  2.0

Action                     |  1- 3 |  4- 6 |  7- 9 | 10-12 || total
---------------------------+-------+-------+-------+-------++-------
  Melee: Hand axe          |    71 |   121 |    45 |       ||   237
         Headbutt          |     5 |    18 |    61 |    64 ||   148
         Punch             |     1 |       |     2 |       ||     3
         War axe           |       |       |   227 |   308 ||   535
 Invoke: Berserk           |       |     1 |     5 |     8 ||    14
         Trog's Hand       |       |       |       |     3 ||     3
  Evoke: Wand              |       |       |       |    12 ||    12
    Use: Scroll            |     6 |     6 |     8 |     7 ||    27
         Potion            |     1 |       |       |     2 ||     3
 Armour: Animal skin       |    10 |       |       |       ||    10
         Ring mail         |    11 |       |       |       ||    11
         Chain mail        |    20 |    79 |   195 |   335 ||   629
  Dodge: Dodged            |    35 |    45 |    93 |   102 ||   275
  Block: Kite shield       |       |       |       |   105 ||   105
